 Dungeon Crawl Stone Soup version 0.20-a0-738-gb057e68 (webtiles) character file.

170 Gorglomux the Sneak (level 5, -6/24 HPs)
             Began as a Spriggan Enchanter on Feb 23, 2017.
             Was a Follower of Elyvilon.
             Mangled by Grinder (8 damage)
             ... on level 3 of the Dungeon.
             The game lasted 00:06:43 (2719 turns).

Gorglomux the Sneak (Spriggan Enchanter)            Turns: 2719, Time: 00:06:44

Health: -6/24      AC:  2    Str:  4    XL:     5   Next: 26%
Magic:  0/10       EV: 18    Int: 17    God:    Elyvilon [*.....]
Gold:   44         SH:  0    Dex: 17    Spells: 3/9 levels left

rFire    . . .     SeeInvis +   a - +1 dagger
rCold    . . .     Gourm    .   b - +0 robe
rNeg     . . .     Faith    .   (shield restricted)
rPois    .         Spirit   .   (helmet restricted)
rElec    .         Reflect  .   (no cloak)
rCorr    .         Harm     .   (gloves unavailable)
MR       .....                  (boots unavailable)
Stlth    ++++......             (no amulet)
Regen    0.1/turn               (no ring)
MPRegen  0.2/turn               (no ring)

@: very slightly contaminated, very quick
A: unfitting armour, see invisible, herbivore 3, speed 3, slow metabolism 2
a: Lesser Healing, Divine Protection, Renounce Religion


You were on level 3 of the Dungeon.
You worshipped Elyvilon.
Elyvilon was aware of your devotion.
You were not hungry.

You visited 1 branch of the dungeon, and saw 3 of its levels.

You collected 44 gold pieces.

Inventory:

Hand Weapons
 a - a +1 dagger (weapon)
Missiles
 h - 29 stones (quivered)
Armour
 b - a +0 robe (worn)
Scrolls
 n - a scroll of enchant armour {unknown}
Potions
 j - a potion of might {unknown}
 k - a potion of flight {unknown}
 m - a potion of mutation {unknown}
Books
 c - a book of Maledictions

   Spells                             Type                      Level
   a - Corona                         Hexes                        1
   b - Ensorcelled Hibernation        Hexes/Ice                    2
   c - Confuse                        Hexes                        3
   d - Tukima's Dance                 Hexes                        3
   e - Dazzling Spray                 Conjuration/Hexes            3
Comestibles
 d - 2 bread rations
 g - a royal jelly


   Skills:
 + Level 4.1 Short Blades
 - Level 3.0 Dodging
 + Level 7.1 Stealth
 - Level 2.6 Spellcasting
 - Level 3.6 Hexes


You had 3 spell levels left.
You knew the following spells:

 Your Spells              Type           Power        Failure   Level  Hunger
a - Corona                Hex            ##.....      4%          1    #......
x - Confuse               Hex            ##......     14%         3    ###....
z - Ensorcelled Hibernat  Hex/Ice        #.....       17%         2    ##.....


Dungeon Overview and Level Annotations

Branches:
Dungeon (3/15)

Altars:
Elyvilon
Ru
Trog
The Shining One

Annotations:
D:3 Grinder


Innate Abilities, Weirdness & Mutations

You are very small and have problems with some larger weapons.
You are too small for most types of armour.
You have supernaturally acute eyesight. (SInv)
You are a herbivore.
You cover ground extremely quickly.
You need consume almost no food.


Message History

Aiming: Confuse
Press: ? - help, Shift-Dir - straight line, f/p - Grinder
Aim: Grinder (severely wounded, chance to defeat MR: 45%)
You miscast Confuse.
You are very lightly contaminated with residual magic.
You hear an indistinct dissonance whispering inside your mind.
Grinder hits you!
* * * LOW HITPOINT WARNING * * *
You writhe in agony.
* * * LOW HITPOINT WARNING * * *
The bat misses you.
Casting: Confuse
Confirm with . or Enter, or press ? or * to list all spells.
Aiming: Confuse
Press: ? - help, Shift-Dir - straight line, f/p - Grinder
Aim: Grinder (severely wounded, chance to defeat MR: 45%) Grinder resists with some effort.
The bat hits you.
* * * LOW HITPOINT WARNING * * *
Grinder hits you!
You die...

##.########.......##.#.#
.................>##.#.#
..................##.#.#
#.................##.#.####
..................##.......
...........................
........b.........####.####
........#.#.......# #.#
..#......5@.....### #.# .
#..##.#.###.#.######.####
#.. #.............##.....
.......#####.#.######.####
..#..##.# #.### ## ..#. #.#
#.. ... #.# #.## ... #. #.#
#### #.. #


You could see Grinder and a bat.

Vanquished Creatures
  An orc wizard (D:2)
  Natasha (thrice) (D:2)
  An adder (D:2)
  2 worms (D:2)
  A dart slug (D:1)
  5 leopard geckos
  A ball python (D:2)
  A giant cockroach (D:2)
  5 goblins
  5 hobgoblins
  4 jackals (D:1)
  A quokka (D:2)
  7 bats
  2 frilled lizards
  5 kobolds
  5 rats
49 creatures vanquished.

Notes
Turn   | Place    | Note
-------+----------+-------------------------------------------
     0 | D:1      | Gorglomux the Spriggan Enchanter began the quest for the Orb.
     0 | D:1      | Reached XP level 1. HP: 9/9 MP: 5/5
   153 | D:1      | Reached XP level 2. HP: 13/13 MP: 4/6
   157 | D:1      | Learned a level 2 spell: Ensorcelled Hibernation
   518 | D:1      | Reached skill level 5 in Stealth
  1591 | D:2      | Reached XP level 3. HP: 9/16 MP: 6/8
  1722 | D:2      | Learned a level 3 spell: Confuse
  1853 | D:2      | Found a white marble altar of Elyvilon.
  1864 | D:2      | Became a worshipper of Elyvilon the Healer
  2049 | D:2      | Noticed Natasha
  2065 | D:2      | Killed Natasha
  2065 | D:2      | Reached skill level 3 in Short Blades
  2065 | D:2      | Reached skill level 6 in Stealth
  2065 | D:2      | Reached XP level 4. HP: 18/21 MP: 3/9
  2165 | D:2      | Noticed Natasha
  2172 | D:2      | Killed Natasha
  2259 | D:2      | Found a sacrificial altar of Ru.
  2283 | D:2      | Reached XP level 5. HP: 8/24 MP: 4/10
  2407 | D:2      | Found a glowing golden altar of the Shining One.
  2438 | D:2      | Noticed Natasha
  2450 | D:2      | Killed Natasha
  2450 | D:2      | Reached skill level 7 in Stealth
  2556 | D:2      | Reached * piety under Elyvilon
  2689 | D:3      | Found a bloodstained altar of Trog.
  2690 | D:3      | Noticed Grinder
  2719 | D:3      | Mangled by Grinder

Vault maps used:
D:1:      lemuel_arrival_broad_hall
D:2:      nicolae_tso_carved_into_rock, lemuel_crystal_altar,
          nicolae_ru_great_annihilating_truth, uniq_natasha
D:3:      marbit_many_paths, lemuel_zombie_altar_kikubaaqudgha,
          lemuel_crystal_altar, portal_sewer_entry_d, uniq_grinder

Skill      XL: |  1  2  3  4  5 |
---------------+----------------+-----
Stealth        | 5 6 7 |  7.1
Short Blades   | 2 3 4 |  4.1
Dodging        | |  3.0
Spellcasting   | |  2.6
Hexes          | |  3.6

Action                   |  1- 3 |  4- 6 || total
-------------------------+-------+-------++-------
Melee: Dagger            |   131 |    55 ||   186
Throw: Stone             |     6 |       ||     6
 Cast: Corona            |     7 |       ||     7
       Ensorcelled Hiber |    13 |     4 ||    17
       Confuse           |     1 |     6 ||     7
  Use: Potion            |       |     2 ||     2
       Scroll            |       |     1 ||     1
 Stab: Sleeping          |    17 |     5 ||    22
       Confused          |     1 |     3 ||     4
       Paralysed         |       |     1 ||     1
  Eat: Royal jelly       |       |     1 ||     1
Armor: Robe              |    15 |     8 ||    23
Dodge: Dodged            |   104 |    40 ||   144
